 Dungeon Crawl Stone Soup version 0.25.1-9-gc5326a611f (webtiles) character file.

Game seed: 14742325682702074832

218552 AlexTheUnready the Wrestler (level 18, -21/149 HPs)
             Began as a Ghoul Monk on Sept 30, 2022.
             Was the Champion of Yredelemnul.
             Killed by the air
             ... invoked by Lugaukor the Cloud Mage
              (27 damage)
             ... in a wizard's laboratory on Oct 1, 2022.
             The game lasted 01:58:30 (40261 turns).

AlexTheUnready the Wrestler (Ghoul Monk)           Turns: 40261, Time: 01:58:35

Health: -21/149    AC: 20    Str: 32    XL:     18   Next: 62%
Magic:  22/23      EV: 10    Int: 10    God:    Yredelemnul [******]
Gold:   2192       SH: 18    Dex: 11    Spells: 17/17 levels left

rFire    . . .     SeeInvis +     - Unarmed
rCold    + + +     Gourm    .   X - +0 kite shield {rC+}
rNeg     + + +     Faith    .   m - +0 plate armour "Ozefawoi" {rElec MR+ Str+9 Int+5}
rPois    ∞         Spirit   .   L - +2 hat
rElec    +         Reflect  +   R - +1 cloak {MR+}
rCorr    .         Harm     .   (no gloves)
MR       +++..                  (no boots)
Stlth    ..........             F - amulet of reflection
HPRegen  0.00/turn              e - ring of protection from cold
MPRegen  0.18/turn              t - ring of see invisible

@: flying (expiring), rotting, studying Fighting
A: rotting body, claws 1, carnivore, cold resistance 1, negative energy
resistance 3, inhibited regeneration, torment resistance, unbreathing
}: 2/15 runes: barnacled, gossamer
a: Recall Undead Slaves, Injury Mirror, Animate Dead, Drain Life, Enslave Soul,
Renounce Religion


You were in a wizard's laboratory.
You worshipped Yredelemnul.
Yredelemnul was exalted by your worship.
You were not hungry.

You visited 7 branches of the dungeon, and saw 33 of its levels.
You visited the Abyss 1 time.
You also visited: Ice Cave and Wizlab.

You collected 4547 gold pieces.
You spent 2355 gold pieces at shops.

Inventory:

Missiles
 a - 7 silver boomerangs
 l - 9 throwing nets
 w - 84 boomerangs (quivered)
 x - 4 curare-tipped darts
 H - 57 javelins
Armour
 m - the +0 plate armour "Ozefawoi" (worn) {rElec MR+ Str+9 Int+5}
   (You found it on level 14 of the Dungeon)

   It affects your strength (+9).
   It affects your intelligence (+5).
   It insulates you from electricity.
   It affects your resistance to hostile enchantments.
 C - the +10 plate armour of Grand Contentment {MR+}
   (You found it on level 4 of the Shoals)

   It affects your resistance to hostile enchantments.
 L - a +2 hat (worn)
 R - a +1 cloak of magic resistance (worn)
 X - a +0 kite shield of cold resistance (worn)
Jewellery
 e - a ring of protection from cold (left claw)
 k - an uncursed amulet of regeneration
 t - a ring of see invisible (right claw)
 F - an amulet of reflection (around neck)
Wands
 u - a wand of digging (5)
 z - a wand of random effects (18)
 G - a wand of iceblast (36)
 Q - a wand of clouds (14)
 Z - a wand of acid (25)
Scrolls
 g - 11 scrolls of remove curse
 h - 25 scrolls of teleportation
 j - 4 scrolls of magic mapping
 o - 7 scrolls of fog
 p - a scroll of summoning
 y - a scroll of silence
 I - 7 scrolls of fear
 J - 6 scrolls of blinking
 V - 9 scrolls of identify
Potions
 d - 4 potions of stabbing
 f - a potion of resistance
 i - 14 potions of curing
 n - a potion of heal wounds
 q - 3 potions of haste
 v - 5 potions of might
 O - a potion of magic
 S - 3 potions of cancellation
 U - 4 potions of invisibility
Books
 A - a manual of Fighting
Comestibles
 b - 61 rations


   Skills:
 * Level 10.5 Fighting
 + Level 3.1 Throwing
 + Level 13.2 Armour
 + Level 5.3 Dodging
 - Level 2.1 Stealth
 * Level 10.8 Shields
 + Level 24.0 Unarmed Combat
 - Level 9.0 Invocations


You had 17 spell levels left.
You didn't know any spells.
Your spell library contained the following spells:

 Spells                   Type           Power        Failure   Level  Hunger
 Infusion                 Chrm           #...         98%         1    ##.....
 Shock                    Conj/Air       #...         98%         1    ##.....
 Corpse Rot               Necr/Air       N/A          99%         2    ###....
 Poisonous Vapours        Pois/Air       #.....       99%         2    ###....
 Shroud of Golubria       Chrm/Tloc      #.....       99%         2    ###....
 Song of Slaying          Chrm           #.......     99%         2    ###....
 Conjure Flame            Conj/Fire      #.......     100%        3    ####...
 Mephitic Cloud           Conj/Pois/Air  #.......     100%        3    ####...
 Ozocubu's Armour         Chrm/Ice       #.......     100%        3    ####...
 Spectral Weapon          Hex/Chrm       #.......     100%        3    ####...
 Static Discharge         Conj/Air       #.......     100%        3    ####...
 Stone Arrow              Conj/Erth      #.....       100%        3    ####...
 Irradiate                Conj/Tmut      #.........   100%        5    ######.
 Summon Forest            Summ/Tloc      #.........   100%        5    ######.
 Eringya's Noxious Bog    Tmut/Pois      #.........   100%        6    #######
 Freezing Cloud           Conj/Ice/Air   #.........   100%        6    #######
 Ring of Flames           Chrm/Fire      #.........   100%        7    #######
 Summon Hydra             Summ           #.........   100%        7    #######
 Hydra Form               Tmut           Unusable     N/A         6    N/A
 Statue Form              Tmut/Erth      Unusable     N/A         6    N/A
 Dragon Form              Tmut           Unusable     N/A         7    N/A

Dungeon Overview and Level Annotations

Branches:
Dungeon (15/15)            Temple (1/1) D:4            Lair (6/6) D:8
 Shoals (4/4) Lair:3       Spider (4/4) Lair:3        Slime (0/5) Lair:5
    Orc (2/2) D:12            Elf (0/3) Orc:2        Vaults (1/5) D:14
 Depths (0/5) D:15          IceCv (visited)          WizLab (1/1)

Altars:
Ashenzari
Cheibriados
Dithmenos
Elyvilon
Fedhas
Gozag
Hepliaklqana
Kikubaaqudgha
Makhleb
Nemelex Xobeh
Okawaru
Qazlal
Ru
Sif Muna
Trog
Uskayaw
Vehumet
Wu Jian
Xom
Yredelemnul
Zin
The Shining One
Beogh

Shops:
D:5 *:   D:9 *   D:12 }*(?   D:14 *   Orc:2 ![}(

Portals:
Trove: D:15 (show slimy rune of Zot)

Annotations:
D:6 2 transporters
D:7 4 runed translucent doors
D:8 2 transporters, Thomus's ghost, novice HOFi
D:14 2 runed translucent doors
Lair:2 2 transporters, AlexTheUnready's ghost, journeyman GnWn


Innate Abilities, Weirdness & Mutations

Your body is rotting away.
You thrive on raw meat.
You are immune to poison.
You have sharp fingernails.
You are carnivorous and can eat meat at any time.
Your flesh is cold resistant. (rC+)
You are immune to negative energy. (rN+++)
You do not regenerate when monsters are visible.
You are immune to unholy pain and torment.
You can survive without breathing.


Message History

The spriggan air mage is almost dead.
You are engulfed in raging winds.
Your death drake zombie is destroyed!
The spriggan air mage dies!
* * * LOW HITPOINT WARNING * * *
Your vampire knight barely misses Lugaukor.
Your vampire knight closely misses Lugaukor.
You feel much better.
Your vampire knight is destroyed!
* * * LOW HITPOINT WARNING * * *
Your vampire knight barely misses Lugaukor.
Your vampire knight bites Lugaukor!
Your vampire knight draws strength from Lugaukor's injuries!
You feel much better.
You are engulfed in raging winds.
Your vampire knight is destroyed!
* * * LOW HITPOINT WARNING * * *
The winds around Lugaukor start to calm down.
Lugaukor waves their arms in wide circles.
The air twists around and violently strikes you in flight!!
You die...
Yredelemnul claims you as an undead slave.

§§§≈§≈≈≈≈≈≈≈≈≈≈≈≈≈≈≈≈≈≈≈≈≈≈≈≈≈≈≈≈
§§§§§≈≈≈≈≈≈≈≈≈≈≈≈≈≈≈≈≈≈≈≈≈≈≈≈≈≈≈≈
§§§§§≈≈≈≈≈≈≈≈≈≈≈≈≈≈≈≈≈≈≈≈≈≈≈≈≈≈≈≈
§§§§§############################
§§§###...........................
§###...≈≈ZZ≈≈≈≈≈≈≈≈≈≈≈≈≈≈≈≈≈≈≈≈≈≈
##...≈≈≈####################≈≈≈≈≈
#..≈≈≈≈≈################# ###≈≈≈
#.≈≈≈≈≈≈##§.#§§#@§#§§#.§ ###≈
..≈≈≈≈≈≈#§§§§§§§§§§§§§§§§ ##
.≈≈≈≈≈≈≈#.§§§§§§§§@§§§§§§ #
.≈≈≈≈≈≈≈#§§§§§§§§§§§§§§§.# #
...VV...'§§§§§§§§§§§§§§§§
.≈V≈≈≈≈≈#§§.§§§§§§§§§§§§§ #
.≈≈Z≈≈≈≈#.§.§§§§§§§§§§§§. #
..≈≈≈≈≈≈#.§§§§§§§§§§§§§§.# ##
#.≈≈≈≈≈≈##§§#§§#§§#§§#§§ ###≈


You could see Lugaukor the Cloud Mage (gusty).

Vanquished Creatures
  A bone dragon (Abyss:1)
  Donald (Spider:2)
  2 frost giants
  2 ghost moths (Spider:4)
  An orc warlord (Orc:1)
  An emperor scorpion (Spider:1)
  An ironheart preserver (Vaults:1)
  A deep elf annihilator (Vaults:1)
  A spark wasp (Spider:2)
  A green death (Abyss:1)
  A blizzard demon (WizLab)
  A merfolk javelineer (Shoals:4)
  8 merfolk impalers
  A fire dragon (Lair:6)
  4 hydras
  A vault guard (D:14)
  The ghost of qdestroyer the Spear-Bearer, a journeyman MiFi of Qazlal (Shoals:1)
  Erolcha (D:9)
  Erica (D:9)
  2 rakshasas (Abyss:1)
  2 centaur warriors
  3 ghost crabs (WizLab)
  An ice dragon (Vaults:1)
  3 two-headed ogres
  3 merfolk aquamancers (Shoals:4)
  A merfolk avatar (Shoals:1)
  A tengu warrior (D:14)
  6 death yaks
  A thrashing horror (Abyss:1)
  An ogre mage (Orc:2)
  2 deep elf knights (Vaults:1)
  A wretched star (Abyss:1)
  2 death drakes (WizLab)
  3 sea snakes
  A large abomination (Abyss:1)
  A deep troll (Vaults:1)
  3 skeletal warriors
  4 unseen horrors
  A sixfirhy (Abyss:1)
  A swamp dragon (Lair:6)
  A kraken simulacrum (Shoals:4)
  A deep elf archer (Vaults:1)
  A necromancer (D:15)
  4 harpies
  Pikel (D:9)
  7 ugly things
  2 deep elf magi (Vaults:1)
  A wolf spider zombie (D:15)
  4 orc sorcerers
  5 orb spiders
  18 wolf spiders
  6 manticores
  A stone giant zombie (D:15)
  6 cyclopes
  A moth of wrath (Spider:4)
  18 elephants
  A centaur zombie (D:12)
  3 merfolk sirens
  Joseph (D:7)
  Maurice (D:9)
  2 ice statues (IceCv)
  4 black mambas
  3 water nymphs
  2 gargoyles
  3 smoke demons (Abyss:1)
  A centaur skeleton (D:11)
  A torpor snail (Lair:5)
  9 spiny frogs
  3 komodo dragons
  4 demonic crawlers
  A freezing wraith (D:14)
  2 rime drakes (Lair:5)
  5 ancient zymes (Abyss:1)
  3 trolls
  11 polar bears
  A tengu conjurer (D:14)
  10 jumping spiders
  7 hornets
  7 merfolk
  2 harpy zombies (Shoals:4)
  3 slime creatures
  4 blink frogs
  2 raiju (Abyss:1)
  3 hippogriffs
  5 snapping turtles
  A vampire (D:11)
  15 tarantellas
  35 redbacks
  5 wyverns
  6 water elementals
  10 air elementals (WizLab)
  36 yaks
  7 humans (D:14)
  2 neqoxecs (Abyss:1)
  3 basilisks
  A steam dragon (D:11)
  A warg (Orc:2)
  A chaos spawn (Abyss:1)
  An acid dragon (D:15)
  9 small abominations (Abyss:1)
  9 water moccasins
  7 porcupines
  An ice beast (D:13)
  2 sky beasts
  2 slaves (D:9)
  A black bear (Lair:2)
  13 orc warriors
  A swamp drake (Lair:6)
  4 phantoms
  An eye of draining (Abyss:1)
  9 ogres
  7 wolves (IceCv)
  5 centaurs
  8 crocodiles
  18 bullfrogs
  An earth elemental (Spider:4)
  5 scorpions
  14 killer bees
  3 howler monkeys (D:11)
  5 crimson imps
  19 jellies
  2 quasits
  Crazy Yiuf (D:4)
  4 hounds
  A bullfrog skeleton (D:7)
  An iron imp (Abyss:1)
  17 orc priests
  26 orc wizards
  4 iguanas
  7 worker ants
  A howler monkey skeleton (D:6)
  A howler monkey zombie (D:7)
  2 worker ant zombies
  7 gnolls
  18 adders
  A river rat (Lair:2)
  3 shadow imps
  An ufetubus (Abyss:1)
  11 oozes (Lair:2)
  5 adder skeletons
  3 worms
  A dart slug (D:2)
  3 leopard geckos
  41 orcs
  7 bats
  3 giant cockroaches
  12 goblins
  5 hobgoblins
  12 jackals
  3 quokkas
  3 frilled lizards
  A jackal skeleton (D:4)
  9 kobolds
  A quokka zombie (D:5)
  7 rats
  2 fungi (Lair:1)
  7 plants
  2 tentacles
758 creatures vanquished.

Vanquished Creatures (collateral kills)
  Jorgrun (D:13)
  A kraken (Shoals:2)
  A ghost moth (Spider:4)
  An orc warlord (Orc:2)
  6 emperor scorpions (Spider:4)
  2 ironheart preservers (Vaults:1)
  An entropy weaver (Spider:1)
  A deep elf annihilator (Vaults:1)
  2 spark wasps
  Snorg (D:13)
  A blizzard demon (WizLab)
  4 merfolk javelineers
  A deep elf death mage (Vaults:1)
  5 merfolk impalers
  8 slime creatures
  3 hydras
  A spriggan air mage (WizLab)
  3 vault guards (D:14)
  3 merfolk avatars
  4 merfolk aquamancers
  A ghost crab (WizLab)
  2 two-headed ogres
  An ogre mage (Orc:2)
  4 death yaks
  Urug (D:10)
  A vampire mage (D:15)
  A deep troll earth mage (Vaults:1)
  A shock serpent (WizLab)
  A death drake (shapeshifter) (D:14)
  7 skeletal warriors
  8 sea snakes
  2 deep trolls (Vaults:1)
  A death drake (WizLab)
  An orb spider (shapeshifter) (D:13)
  An orc knight (Vaults:1)
  2 wolf spider zombies
  A shadow dragon zombie (D:15)
  10 harpies
  11 wolf spiders
  9 ugly things
  13 orb spiders
  5 orc sorcerers (Orc:2)
  7 fauns
  12 manticores
  A stone giant zombie (D:15)
  10 elephants
  A worldbinder (Abyss:1)
  A moth of wrath (Spider:4)
  3 cyclopes
  6 merfolk sirens
  5 black mambas (Lair:6)
  2 water nymphs
  2 centaur skeletons
  A torpor snail (Spider:1)
  A guardian serpent (Lair:6)
  A smoke demon (Abyss:1)
  A gargoyle (D:13)
  8 spiny frogs
  A kobold demonologist (D:14)
  3 rime drakes (Lair:6)
  2 demonic crawlers (Spider:4)
  A komodo dragon (Lair:1)
  A freezing wraith (D:15)
  2 tengu conjurers (D:14)
  2 efreet
  A guardian mummy (D:15)
  3 harpy zombies (Shoals:4)
  4 polar bears (IceCv)
  3 trolls
  10 jumping spiders
  30 merfolk
  8 hornets
  A spriggan zombie (D:15)
  12 blink frogs
  3 wind drakes
  3 dream sheep (Shoals:2)
  A raiju (Abyss:1)
  6 snapping turtles
  2 hippogriffs
  2 air elementals (WizLab)
  A shadow (D:14)
  27 redbacks
  11 water elementals
  A large abomination (Abyss:1)
  6 wyverns (Lair:6)
  10 yaks
  14 tarantellas
  4 basilisks
  A hungry ghost (D:12)
  A human (D:14)
  A steam dragon (Lair:6)
  A warg (Orc:2)
  4 vampire mosquitoes (D:14)
  5 porcupines
  2 acid dragons
  10 water moccasins
  2 soldier ants (D:13)
  A swamp drake (Lair:6)
  14 orc warriors
  An ice beast (D:14)
  A phantom (D:9)
  A sky beast (D:14)
  2 necrophages
  2 eyes of draining
  6 ogres
  7 wolves (IceCv)
  A boggart (D:14)
  5 crocodiles
  A centaur (D:8)
  A big kobold (D:14)
  5 bullfrogs
  3 earth elementals (Spider:4)
  2 scorpions (D:8)
  2 howler monkeys (D:11)
  4 electric eels
  3 crimson imps
  A bullfrog zombie (D:11)
  A quasit (Abyss:1)
  2 orc priests
  13 jellies
  17 orc wizards
  3 iguanas (Lair:6)
  3 gnolls (Orc:1)
  A river rat (Lair:2)
  4 oozes
  2 worms (D:13)
  43 orcs
  2 bat zombies (Shoals:4)
  7 kobolds (D:14)
  A quokka (D:12)
  A bush (Lair:5)
  37 fungi
  131 plants
  A tentacle (Shoals:2)
  4 withered plants (D:15)
734 creatures vanquished.

Vanquished Creatures (others)
  A ghoul (Spider:4)
  4 vampire knights
  A spriggan air mage (WizLab)
  A spectral human (Shoals:4)
  3 skeletal warriors
  A spark wasp zombie (WizLab)
  7 flayed ghosts
  4 phantasmal warriors
  A wolf spider zombie (Spider:4)
  A shock serpent zombie (WizLab)
  2 redback zombies (Spider:4)
  A sea snake zombie (Shoals:2)
  A spectral orc (Lair:4)
  2 death drake zombies (WizLab)
  3 harpy zombies
  A wind drake (WizLab)
  15 flying skulls
  A snapping turtle (Shoals:4)
  A jumping spider zombie (Spider:4)
  A black mamba zombie (Lair:2)
  2 vampires
  A wraith (Lair:3)
  A merfolk zombie (Shoals:4)
  2 spiny frog zombies
  A slave (D:9)
  A ghost crab zombie (WizLab)
  3 elephant zombies
  A blink frog zombie (Lair:2)
  A blink frog skeleton (Lair:2)
  A water moccasin zombie (Lair:6)
  2 yak zombies
  A raiju zombie (Abyss:1)
  A wight (D:10)
  2 bullfrog zombies
  A black bear zombie (Lair:2)
  An ogre zombie (Orc:2)
  2 mummies (Lair:2)
  2 howler monkey zombies (D:11)
  2 orc skeletons (Orc:2)
  5 orc zombies
  8 fungi
  A lurking horror (Abyss:1)
  10 plants
  5 tentacles
109 creatures vanquished.

Grand Total: 1601 creatures vanquished

Notes
Turn   | Place    | Note
-------+----------+-------------------------------------------
     0 | D:1      | AlexTheUnready the Ghoul Monk began the quest for the Orb.
     0 | D:1      | Reached XP level 1. HP: 19/19 MP: 0/0
   373 | D:1      | Reached XP level 2. HP: 26/26 MP: 1/1
   946 | D:2      | Reached skill level 4 in Unarmed Combat
  1015 | D:2      | Reached XP level 3. HP: 29/31 MP: 2/2
  1196 | D:2      | Found a faded altar of an unknown god.
  1274 | D:2      | Reached XP level 4. HP: 22/40 MP: 3/3
  1578 | D:2      | Reached skill level 5 in Unarmed Combat
  1770 | D:2      | Reached XP level 5. HP: 40/46 MP: 4/4
  2441 | D:3      | Found an iron altar of Okawaru.
  3173 | D:4      | Reached skill level 6 in Unarmed Combat
  3257 | D:4      | Reached XP level 6. HP: 32/51 MP: 5/5
  3536 | D:4      | Noticed a phantom
  3595 | D:4      | Killed a phantom
  3595 | D:4      | Reached skill level 7 in Unarmed Combat
  3595 | D:4      | Reached XP level 7. HP: 26/59 MP: 6/6
  3807 | D:4      | Found a staircase to the Ecumenical Temple.
  4193 | D:4      | Found a runed translucent door.
  4194 | D:4      | Noticed Crazy Yiuf
  4417 | D:4      | Killed Crazy Yiuf
  4514 | Temple   | Entered the Ecumenical Temple
  4735 | Temple   | Became a worshipper of Yredelemnul the Dark
  4735 | Temple   | Reached * piety under Yredelemnul
  4735 | Temple   | Reached ** piety under Yredelemnul
  4855 | D:5      | Entered Level 5 of the Dungeon
  5031 | D:5      | Found Listres's Book Emporium.
  5054 | D:5      | Found Mergha's Assorted Antiques.
  5059 | D:5      | Bought a scroll labeled DYACRA ON XYJO for 32 gold pieces
  5059 | D:5      | Bought a scroll of identify for 64 gold pieces
  5098 | D:5      | Found a blossoming altar of Fedhas.
  5215 | D:5      | Reached skill level 8 in Unarmed Combat
  5310 | D:5      | Reached skill level 1 in Invocations
  5723 | D:6      | Reached skill level 1 in Armour
  5723 | D:6      | Reached XP level 8. HP: 66/66 MP: 8/8
  5870 | D:6      | Reached skill level 9 in Unarmed Combat
  6078 | D:6      | Found a transporter.
  6078 | D:6      | Noticed a kobold demonologist
  6087 | D:6      | Found a transporter.
  6649 | D:7      | Reached skill level 10 in Unarmed Combat
  6798 | D:7      | Reached XP level 9. HP: 59/67 MP: 10/10
  6838 | D:6      | Reached skill level 1 in Throwing
  6959 | D:6      | Reached *** piety under Yredelemnul
  7101 | D:7      | Found a huge runed translucent gate.
  7102 | D:7      | Found a huge runed translucent gate.
  7103 | D:7      | Noticed a polar bear
  7105 | D:7      | Noticed a polar bear
  7108 | D:7      | Found a huge runed translucent gate.
  7108 | D:7      | Noticed a polar bear
  7108 | D:7      | Noticed a death yak
  7227 | D:7      | Reached skill level 11 in Unarmed Combat
  7380 | D:7      | Found a huge runed translucent gate.
  7380 | D:7      | Noticed a polar bear
  7380 | D:7      | Noticed a polar bear
  7380 | D:7      | Noticed Joseph
  7399 | D:7      | Killed Joseph
  7616 | D:8      | Found a hazy altar of Hepliaklqana.
  7901 | D:8      | Received a gift from Yredelemnul (4 flying skulls)
  7950 | D:8      | Got a pair of dazzling gloves
  7956 | D:8      | Identified the +0 pair of gloves "Coupnec" {Harm rPois
                  | Slay+3} (You found it on level 8 of the Dungeon)
  7975 | D:8      | Noticed an unseen horror
  8010 | D:8      | Killed an unseen horror
  8010 | D:8      | Reached skill level 12 in Unarmed Combat
  8010 | D:8      | Reached XP level 10. HP: 46/80 MP: 12/12
  8403 | D:8      | Found a transporter.
  8410 | D:8      | Found a transporter.
  8411 | D:8      | Noticed Thomus's ghost (novice HOFi)
  8580 | D:8      | Found a staircase to the Lair.
  8580 | D:8      | Noticed an elephant
  8590 | D:8      | Reached skill level 13 in Unarmed Combat
  8597 | D:8      | Killed an elephant
  8597 | D:8      | Reached skill level 5 in Invocations
  8797 | D:8      | Noticed a two-headed ogre
  8808 | D:8      | Killed a two-headed ogre
  9112 | Lair:1   | Entered Level 1 of the Lair of Beasts
  9467 | Lair:1   | Received a gift from Yredelemnul (a mummy)
  9734 | Lair:1   | Reached skill level 14 in Unarmed Combat
  9991 | Lair:2   | Reached **** piety under Yredelemnul
 10058 | Lair:2   | Noticed a spiny frog
 10067 | Lair:2   | Killed a spiny frog
 10119 | Lair:2   | Reached XP level 11. HP: 30/85 MP: 14/14
 10265 | Lair:2   | Found a transporter.
 10269 | Lair:2   | Found a transporter.
 10278 | Lair:2   | Reached skill level 5 in Armour
 10433 | Lair:2   | Noticed AlexTheUnready's ghost (journeyman GnWn)
 10471 | Lair:2   | Received a gift from Yredelemnul (a mummy)
 10485 | Lair:2   | Reached skill level 5 in Fighting
 10739 | Lair:2   | Reached skill level 15 in Unarmed Combat
 10905 | Lair:2   | Received a gift from Yredelemnul (2 flying skulls)
 11610 | Lair:2   | Received a gift from Yredelemnul (a wraith)
 12130 | Lair:3   | Noticed a five-headed hydra
 12142 | Lair:3   | Killed a five-headed hydra
 12142 | Lair:3   | Reached XP level 12. HP: 34/93 MP: 16/16
 12365 | Lair:3   | Reached skill level 16 in Unarmed Combat
 12394 | Lair:3   | Noticed a death yak
 12394 | Lair:3   | Noticed a death yak
 12401 | Lair:3   | Noticed a death yak
 12429 | Lair:3   | Noticed a death yak
 12431 | Lair:3   | Noticed a death yak
 12437 | Lair:2   | Killed a death yak
 12511 | Lair:3   | Noticed an eight-headed hydra
 12687 | D:8      | Found a blossoming altar of Fedhas.
 12737 | D:9      | Noticed a two-headed ogre
 12746 | D:9      | Killed a two-headed ogre
 12930 | D:9      | Noticed Maurice
 12930 | D:9      | Noticed Erolcha
 12938 | D:9      | Noticed Pikel
 12965 | D:9      | Killed Pikel
 12973 | D:9      | Killed Erolcha
 12981 | D:9      | Killed Maurice
 12994 | D:9      | Received a gift from Yredelemnul (2 flying skulls)
 13108 | D:9      | Found a sparkling altar of Nemelex Xobeh.
 13109 | D:9      | Found a sacrificial altar of Ru.
 13109 | D:9      | Found a burning altar of Makhleb.
 13110 | D:9      | Found a hide-covered altar of Uskayaw.
 13239 | D:9      | Found Luakalio's Assorted Antiques.
 13242 | D:9      | Noticed Erica
 13263 | D:9      | Killed Erica
 13289 | D:9      | Bought a fuming cyan potion for 24 gold pieces
 13467 | D:10     | Entered Level 10 of the Dungeon
 13504 | D:10     | Received a gift from Yredelemnul (a wight)
 13699 | D:10     | Reached skill level 17 in Unarmed Combat
 13941 | D:10     | Noticed Urug
 13955 | D:10     | Killed Urug
 14674 | D:11     | Reached ***** piety under Yredelemnul
 14693 | D:11     | Reached XP level 13. HP: 50/102 MP: 18/18
 14696 | D:11     | Received a gift from Yredelemnul (a phantasmal warrior)
 15144 | D:11     | Received a gift from Yredelemnul (a vampire)
 15318 | D:11     | Found a shadowy altar of Dithmenos.
 15910 | D:11     | Reached skill level 18 in Unarmed Combat
 15990 | D:12     | Received a gift from Yredelemnul (4 flying skulls)
 16167 | D:12     | Got an amber-encrusted scale mail
 16241 | D:12     | Found Sidei's Gadget Boutique.
 16403 | D:12     | Found the +8 storm bow {elec, penet}
 16522 | D:12     | Found a staircase to the Orcish Mines.
 16596 | D:12     | Found Val Gipp's Weapon Emporium.
 16668 | D:12     | Found Haotye's Assorted Antiques.
 16673 | D:12     | Bought a scroll labeled HOBLETO XEFI for 29 gold pieces
 16673 | D:12     | Bought 2 scrolls of identify for 116 gold pieces
 16699 | D:12     | Identified the cursed +1 scale mail of Qezev {Str+7} (You
                  | found it on level 12 of the Dungeon)
 16777 | D:12     | Received a gift from Yredelemnul (a vampire)
 16920 | D:12     | Found Caepn's Magic Scroll Shoppe.
 16928 | D:12     | Bought a scroll of blinking for 127 gold pieces
 16928 | D:12     | Bought 3 scrolls of fear for 178 gold pieces
 16928 | D:12     | Bought a scroll of immolation for 59 gold pieces
 16928 | D:12     | Bought a scroll of identify for 34 gold pieces
 16928 | D:12     | Bought a scroll of enchant armour for 127 gold pieces
 16928 | D:12     | Bought a scroll of enchant armour for 127 gold pieces
 17128 | Orc:1    | Entered Level 1 of the Orcish Mines
 17365 | Orc:2    | Entered Level 2 of the Orcish Mines
 17389 | Orc:2    | Noticed an orc warlord
 17498 | Orc:1    | Killed an orc warlord
 17572 | Orc:2    | Received a gift from Yredelemnul (3 flying skulls)
 17911 | Orc:2    | Found a shimmering altar of Xom.
 18113 | Orc:2    | Found a staircase to the Elven Halls.
 18119 | Orc:2    | Noticed an orc warlord
 18135 | Orc:2    | Killed an orc warlord
 18290 | Orc:2    | Found Bosmaih Afia's Distillery.
 18321 | Orc:2    | Reached skill level 19 in Unarmed Combat
 18375 | Orc:2    | Bought a potion of lignification for 42 gold pieces
 18375 | Orc:2    | Bought a potion of cancellation for 112 gold pieces
 18375 | Orc:2    | Bought a potion of heal wounds for 70 gold pieces
 18395 | Orc:2    | Found a radiant altar of Vehumet.
 18398 | Orc:2    | Received a gift from Yredelemnul (a skeletal warrior)
 18404 | Orc:2    | Found Timan's Antique Armour Shop.
 18444 | Orc:2    | Found a roughly hewn altar of Beogh.
 18479 | Orc:2    | Found Neebeogu's Gadget Shop.
 18522 | Orc:2    | Found an ancient bone altar of Kikubaaqudgha.
 18542 | Orc:2    | Found Olaothel's Antique Weapon Boutique.
 18832 | Orc:1    | Reached XP level 14. HP: 109/109 MP: 19/19
 18837 | Orc:1    | Received a gift from Yredelemnul (a flayed ghost)
 19796 | Lair:3   | Found a hole to the Spider Nest.
 19802 | Lair:3   | Received a gift from Yredelemnul (a flayed ghost)
 20209 | Lair:3   | Found a staircase to the Shoals.
 21309 | Lair:5   | Received a gift from Yredelemnul (a vampire knight)
 21351 | Lair:5   | Reached skill level 20 in Unarmed Combat
 21365 | Lair:5   | Found a staircase to the Slime Pits.
 21626 | Lair:5   | Received a gift from Yredelemnul (a bone dragon)
 22055 | Lair:5   | Received a gift from Yredelemnul (a skeletal warrior)
 22597 | Lair:6   | Entered Level 6 of the Lair of Beasts
 22608 | Lair:6   | Received a gift from Yredelemnul (a vampire knight)
 22749 | Lair:6   | Received a gift from Yredelemnul (a flayed ghost)
 22830 | Lair:6   | Reached ****** piety under Yredelemnul
 22833 | Lair:6   | Reached skill level 5 in Dodging
 23047 | Lair:6   | Identified Sif Muna's Guide on Boosting Flight
 23346 | Lair:6   | Received a gift from Yredelemnul (a ghoul)
 23355 | Lair:6   | Reached XP level 15. HP: 118/118 MP: 20/20
 24026 | Lair:6   | Reached skill level 21 in Unarmed Combat
 24029 | Lair:6   | Reached skill level 10 in Armour
 24485 | D:13     | Found a frozen archway.
 24490 | D:13     | Received a gift from Yredelemnul (a skeletal warrior)
 24503 | IceCv    | Entered an ice cave
 24520 | IceCv    | Received a gift from Yredelemnul (a profane servitor)
 25017 | IceCv    | Noticed a frost giant
 25032 | IceCv    | Killed a frost giant
 25032 | IceCv    | Reached skill level 1 in Shields
 25131 | IceCv    | Got a crystal glaive
 25576 | D:13     | Noticed Jorgrun
 25582 | D:13     | Killed Jorgrun
 25836 | D:13     | Received a gift from Yredelemnul (a flayed ghost)
 25901 | D:13     | Noticed Snorg
 25910 | D:13     | Killed Snorg
 26318 | D:14     | Cast into level 1 of the Abyss (orc)
 26407 | Abyss:1  | Received a gift from Yredelemnul (a phantasmal warrior)
 26579 | Abyss:1  | Noticed a bone dragon
 26601 | Abyss:1  | Received a gift from Yredelemnul (a flayed ghost)
 26611 | Abyss:1  | Killed a bone dragon
 26859 | Abyss:1  | Reached skill level 22 in Unarmed Combat
 26912 | Abyss:1  | Noticed a profane servitor
 26943 | Abyss:1  | Received a gift from Yredelemnul (a vampire knight)
 26987 | D:14     | Escaped the Abyss
 27039 | D:14     | Received a gift from Yredelemnul (a vampire knight)
 27171 | D:14     | Reached XP level 16. HP: 126/127 MP: 21/21
 27186 | D:14     | Found a gate to the Vaults.
 27353 | D:14     | Got an opal-encrusted plate armour
 27364 | D:14     | Identified the +0 plate armour "Ozefawoi" {rElec MR+ Str+9
                  | Int+5} (You found it on level 14 of the Dungeon)
 27430 | D:14     | Found a large runed translucent door.
 27434 | D:14     | Found a large runed translucent door.
 27550 | D:14     | Found a bloodstained altar of Trog.
 27554 | D:14     | Noticed Frances
 27566 | D:14     | Killed Frances
 27566 | D:14     | Enslaved Frances
 27567 | D:14     | Found Yradilol's Mass Market.
 27713 | D:14     | Got a brightly glowing buckler
 28415 | D:14     | Identified the +2 buckler of Midnight {Int+3} (You found it
                  | on level 14 of the Dungeon)
 28513 | D:15     | Entered Level 15 of the Dungeon
 28513 | D:15     | Found a shimmering blue altar of Sif Muna.
 28516 | D:15     | Received a gift from Yredelemnul (a bone dragon)
 28541 | D:15     | Reached skill level 5 in Shields
 28573 | D:15     | Found a staircase to the Depths.
 29088 | D:15     | Found a portal to a secret trove of treasure.
 29539 | Lair:1   | Identified the +3 glaive "Pinung" {vorpal, rPois Str+6}
                  | (You found it in an ice cave)
 29666 | Spider:1 | Entered Level 1 of the Spider Nest
 29928 | Spider:1 | Received a gift from Yredelemnul (a vampire knight)
 31019 | Spider:2 | Noticed Donald
 31026 | Spider:2 | Killed Donald
 31177 | Spider:2 | Received a gift from Yredelemnul (a phantasmal warrior)
 32005 | Spider:3 | Received a gift from Yredelemnul (a flayed ghost)
 32177 | Spider:3 | Identified a scroll of acquirement
 32178 | Spider:3 | Acquired 1240 gold pieces
 32980 | D:5      | Bought a manual of Fighting for 1214 gold pieces
 33170 | Shoals:1 | Entered Level 1 of the Shoals
 33178 | Shoals:1 | Received a gift from Yredelemnul (a phantasmal warrior)
 33478 | Shoals:1 | Received a gift from Yredelemnul (a flayed ghost)
 33721 | Shoals:1 | Reached XP level 17. HP: 51/135 MP: 22/22
 33925 | Shoals:1 | Found a runed translucent door.
 33925 | Shoals:1 | Noticed qdestroyer's ghost (journeyman MiFi)
 33999 | Shoals:1 | Received a gift from Yredelemnul (a flayed ghost)
 34181 | Shoals:1 | Identified the +6 falchion of Equilibrium {flame, rN+ Str+3
                  | Int+3 Dex-3}
 34247 | Shoals:1 | Killed qdestroyer's ghost
 34247 | Shoals:1 | Reached skill level 23 in Unarmed Combat
 34544 | Shoals:2 | Received a gift from Yredelemnul (a vampire knight)
 34862 | Shoals:2 | Received a gift from Yredelemnul (a flayed ghost)
 35280 | Shoals:2 | Noticed a kraken
 35288 | Shoals:2 | Killed a kraken
 35765 | Shoals:3 | Received a gift from Yredelemnul (a flayed ghost)
 35876 | Shoals:3 | Received a gift from Yredelemnul (a ghoul)
 36166 | Shoals:4 | Entered Level 4 of the Shoals
 36305 | Shoals:4 | Your ally Frances died
 36306 | Shoals:4 | Received a gift from Yredelemnul (a vampire)
 36332 | Shoals:4 | Got a barnacled rune of Zot
 37247 | Shoals:4 | Got an ichor-stained plate armour
 37248 | Shoals:4 | Identified the +10 plate armour of Grand Contentment {MR+}
                  | (You found it on level 4 of the Shoals)
 37561 | Spider:4 | Entered Level 4 of the Spider Nest
 37590 | Spider:4 | Received a gift from Yredelemnul (a vampire)
 37938 | Spider:4 | Received a gift from Yredelemnul (a vampire knight)
 38156 | Spider:4 | Reached XP level 18. HP: 145/146 MP: 21/23
 38166 | Spider:4 | Received a gift from Yredelemnul (a vampire knight)
 38238 | Spider:4 | Received a gift from Yredelemnul (a vampire knight)
 38265 | Spider:4 | Reached skill level 10 in Shields
 38450 | Spider:4 | Got a gossamer rune of Zot
 39017 | Vaults:1 | Entered Level 1 of the Vaults
 39052 | Vaults:1 | Received a gift from Yredelemnul (a vampire knight)
 39177 | Vaults:1 | Reached skill level 10 in Fighting
 39202 | Vaults:1 | Found a magical portal.
 39236 | WizLab   | Entered The Chambers of the Cloud Mage
 39280 | WizLab   | Received a gift from Yredelemnul (a vampire knight)
 39527 | WizLab   | Reached skill level 24 in Unarmed Combat
 39527 | WizLab   | Received a gift from Yredelemnul (a vampire knight)
 40247 | WizLab   | Noticed Lugaukor
 40260 | WizLab   | HP: 4/149 [Lugaukor the Cloud Mage/tornado (22)]
 40261 | WizLab   | Killed from afar by Lugaukor the Cloud Mage

Illustrated notes

Levels and vault maps discovered:
D:1:      eino_arrival_tree_alley, layout_loops_cross, grunt_decor_cap,
          minmay_tromino_v4_c
D:2:      layout_loops_corners, chequers_ecumenical_altar_twisty, st_stairs_7,
          chequers_serial_rivers_small_b
D:3:      layout_rooms, nicolae_overflow_crystal_walls, patterned_corridor
D:4:      layout_layer_cave, minmay_temple_entry_purple_smoke, first_ration,
          uniq_crazy_yiuf_cottage
D:5:      layout_loops_ring, fedhas_altar_4, serial_shops, shop, shop
D:6:      gammafunk_wand_slinger, layout_basic
D:7:      lemuel_bear_cage, layout_rooms, uniq_joseph
D:8:      lemuel_upstairs_altar, layout_basic, lemuel_round_altar,
          david_lair_generic, gammafunk_ghost_hive
D:9:      layout_loops_ring, chequers_temple_overflow_statue_of_worship,
          serial_shops, nicolae_shop_statue_plus, uniq_erolcha, uniq_pikel,
          uniq_maurice, uniq_erica
D:10:     layout_irregular_city, uniq_urug
D:11:     layout_irregular_city, hangedman_decor_clover_reticule,
          grunt_dithmenos_smoke
D:12:     layout_long_grid, orc_0_dummy, serial_shops, kennysheep_little_box,
          nicolae_shop_waterfront, shop, shop_fountains, serial_bayou,
          serial_bayou_pond_e, serial_bayou_pond_a, serial_bayou_pond_b,
          serial_bayou_shore_b
D:13:     layout_rooms, portal_ice_cave_entry_pillars_1,
          hangedman_pestilent_swarm, drop_trap, uniq_jorgrun, uniq_snorg
D:14:     layout_irregular_city, ximxim_vaults_locker_room, basic_altar,
          roderic_malta_cross, roderic_serpentine_path, minmay_shop_mass,
          jmf_multi_god_temple2, uniq_frances
D:15:     gammafunk_depths_entry_grave, layout_basic,
          nicolae_trove_entry_diagonal, basic_altar, dk_noncrumbling_2
Temple:   regret_index_temple_generic_petals
Lair:1:   layout_long_grid
Lair:2:   lemuel_slime, layout_layer_cave, gammafunk_ghost_hive, pond
Lair:3:   layout_long_grid, minmay_shoals_entry_hut,
          spider_nest_entry_funnel_web, serial_rivers,
          chequers_serial_rivers_room_a, chequers_serial_rivers_micro_b,
          chequers_serial_rivers_large_a, chequers_serial_rivers_room_b,
          st_stairs_11, grunt_megastairs_2, lemuel_fruit_fields
Lair:4:   layout_loops_ring, serial_bayou_pond_b
Lair:5:   layout_cave_pods, minmay_slime_entry_jelly_boxes, grunt_megastairs_4
Lair:6:   guppyfry_lair_end_dragon, layout_cave_pods,
          hangedman_lair_tendril_chambers
Shoals:1: layout_shoals, ebering_ghost_inner_flame
Shoals:2: layout_shoals
Shoals:3: cheibrodos_shoals_baths, layout_shoals
Shoals:4: shoals_end_grunt_ice, layout_shoals, nicolae_shoals_undead_eyrie
Spider:1: layout_spider_delve
Spider:2: layout_spider_delve, uniq_donald
Spider:3: layout_spider_delve
Spider:4: guppyfry_spider_rune, hangedman_stitches_earthworm
Orc:1:    layout_caves, nicolae_volcano_entry_hallway, lemuel_statue_altar
Orc:2:    kennysheep_orc_mage_school, layout_diamond_mine, basic_altar
Vaults:1: v_misc_14, ontoclasm_vaults_pinch, hangedman_vaults_trim,
          grunt_vaults_trifunnel, vaults_room_corners, hangedman_vaults_locks,
          layout_vaults_omnigrid, lightli_enter_wizlab_magi_temple
WizLab:   wizlab_cloud

Skill      XL: |  1  2  3  4  5  6  7  8  9 10 11 12 13 14 15 16 17 18 |
---------------+-------------------------------------------------------+-----
Dodging        | 3 4 5 |  5.3
Unarmed Combat | 4 5 6 7 8 10 12 14 15 17 19 20 22 23 24 | 24.0
Fighting       | 4 5 6 7 8 9 10 | 10.5
Invocations    | 1 3 4 5 7 8 9 |  9.0
Armour         | 1 3 4 6 7 8 9 10 11 13 | 13.2
Throwing       | 1 2 3 |  3.1
Shields        | 4 7 9 10 | 10.8
Stealth        | |  2.1

Action                   |  1- 3 |  4- 6 |  7- 9 | 10-12 | 13-15 | 16-18 || total
-------------------------+-------+-------+-------+-------+-------+-------++-------
Melee: Unarmed           |    63 |   202 |   383 |   572 |   991 |   844 ||  3055
       Punch             |     1 |     2 |    14 |    27 |    37 |       ||    81
Throw: Boomerang         |       |       |    17 |     9 |     7 |    16 ||    49
       Dart              |       |       |       |       |       |     3 ||     3
Invok: Animate Dead      |       |       |     1 |    17 |    30 |    46 ||    94
       Recall Undead Sla |       |       |       |     2 |     8 |     4 ||    14
       Drain Life        |       |       |       |     2 |     3 |    10 ||    15
       Enslave Soul      |       |       |       |       |     1 |     1 ||     2
Evoke: Wand              |       |       |       |       |     1 |     2 ||     3
  Use: Scroll            |       |     6 |     7 |     3 |    11 |     7 ||    34
       Potion            |       |       |     1 |     2 |     4 |     5 ||    12
 Stab: Sleeping          |     2 |     5 |       |     1 |     2 |       ||    10
       Distracted        |       |       |       |     7 |     9 |    10 ||    26
       Paralysed         |       |       |       |       |     4 |     5 ||     9
       Confused          |       |       |       |       |       |     2 ||     2
  Eat: Chunk             |     2 |    21 |    17 |    29 |    61 |    61 ||   191
       Ration            |       |       |       |       |       |     4 ||     4
Armor: Robe              |    16 |    22 |       |       |       |       ||    38
       Ring mail         |       |       |    71 |       |       |       ||    71
       Plate armour      |       |       |    94 |   246 |   469 |   408 ||  1217
       Scale mail        |       |       |       |       |    26 |       ||    26
Dodge: Dodged            |    51 |   143 |   214 |   170 |   293 |   301 ||  1172
Block: Buckler           |       |       |       |       |    44 |       ||    44
       Kite shield       |       |       |       |       |    87 |   492 ||   579
       Reflection        |       |       |       |       |       |     1 ||     1
